 Dungeon Crawl Stone Soup version 0.24-a0-264-gf46a388 (webtiles) character file.

Game seed: 428899673746822997

156 Hasart the Cutter (level 5, 0/33 HPs)
             Began as a Kobold Monk on Apr 20, 2019.
             Killed from afar by an orc wizard (9 damage)
             ... with a magic dart
             ... on level 3 of the Dungeon.
             The game lasted 00:03:26 (2815 turns).

Hasart the Cutter (Kobold Monk)                     Turns: 2815, Time: 00:03:27

Health: 0/33       AC:  2    Str:  9    XL:     5   Next: 64%
Magic:  5/5        EV: 17    Int: 11    God:
Gold:   178        SH:  0    Dex: 18    Spells: 4/4 levels left

rFire    . . .     SeeInvis .   a - +0 short sword
rCold    . . .     Gourm    .   (shield restricted)
rNeg     . . .     Faith    .   b - +0 robe
rPois    +         Spirit   .   (no helmet)
rElec    .         Reflect  .   (no cloak)
rCorr    .         Harm     .   (no gloves)
MR       .....                  (no boots)
Stlth    +++.......             (no amulet)
HPRegen  0.11/turn              d - ring of poison resistance
MPRegen  0.09/turn              (no ring)

@: no status effects
A: small, carnivore
a: no special abilities


You were on level 3 of the Dungeon.
You were completely stuffed.

You visited 1 branch of the dungeon, and saw 4 of its levels.

You collected 178 gold pieces.

Inventory:

Hand Weapons
 a - a +0 short sword (weapon)
Missiles
 e - 7 curare-tipped needles
Armour
 b - a +0 robe (worn)
Jewellery
 d - a ring of poison resistance (left hand)
Wands
 p - a wand of polymorph (6)
Scrolls
 g - a scroll of amnesia {unknown}
 h - 2 scrolls of magic mapping {unknown}
 i - 4 scrolls of identify {unknown}
 k - 3 scrolls of enchant armour {unknown}
 l - a scroll of remove curse {unknown}
 m - 2 scrolls of noise {unknown}
 r - a scroll of teleportation {unknown}
Potions
 f - a potion of magic {unknown}
 j - 2 potions of curing {unknown}
 n - a potion of lignification {unknown}
 o - a potion of agility {unknown}
 q - a potion of mutation {unknown}
 s - a potion of heal wounds {unknown}
Comestibles
 c - 8 rations


   Skills:
 + Level 4.0 Fighting
 * Level 5.8 Short Blades
 + Level 4.4 Dodging
 + Level 4.1 Stealth
 + Level 1.0 Evocations


You had 4 spell levels left.
You didn't know any spells.
Your spell library contained the following spells:

 Spells                   Type           Power        Failure   Level  Hunger
 Magic Dart               Conj           #...         34%         1    ##.....
 Blink                    Tloc           N/A          47%         2    ###....
 Call Imp                 Summ           #.......     47%         2    ###....
 Slow                     Hex            #.......     47%         2    ###....
 Conjure Flame            Conj/Fire      #.......     71%         3    ####...
 Mephitic Cloud           Conj/Pois/Air  #.......     71%         3    ####...


Dungeon Overview and Level Annotations

Branches:
Dungeon (4/15)
 Temple: D:4-7

Altars:


Innate Abilities, Weirdness & Mutations

You are small and have problems with some larger weapons.
You are carnivorous and can eat meat at any time.


Message History

You barely miss the orc wizard.
The orc wizard is heavily wounded.
The orc wizard hits you but does no damage.
You closely miss the orc wizard.
The orc wizard is heavily wounded.
You hit the orc wizard.
The orc wizard is heavily wounded.
The orc wizard barely misses you.
You barely miss the orc wizard.
The orc wizard is heavily wounded.
The orc wizard hits you with a +0 dagger.
* * * LOW HITPOINT WARNING * * *
You closely miss the orc wizard.
The orc wizard is heavily wounded.
The orc wizard misses you.
You hit the orc wizard but do no damage.
The orc wizard is heavily wounded.
The orc wizard gestures at you while chanting.
The magic dart hits you!
You die...

#.##...†......##.#######.....#.#
#.##.##.##.##...........######.#
#.##.##.##.#####.######.# #.#
#.......##.....).# #.# #..
####.############# #.# ### #.#
##.## # #.# ####...# # #.#
#########......### # #.#
#....@...........##### #.#
#.....o............... #.#
#.............<....... #.#
#>.............#...... #.#
#..............######. #.#
####.###..###### #. #.# #...)..#
#. #.# #####.## #.
####.########## #.# ######.


You could see an orc wizard.

Vanquished Creatures
  A scorpion (D:4)
  6 adders
  2 dart slugs
  A leopard gecko (D:1)
  4 orcs (D:3)
  3 giant cockroaches
  3 goblins
  6 hobgoblins
  A ball python (D:4)
  6 bats
  5 frilled lizards
  7 kobolds
  6 rats
51 creatures vanquished.

Notes
Turn   | Place    | Note
-------+----------+-------------------------------------------
     0 | D:1      | Hasart the Kobold Monk began the quest for the Orb.
     0 | D:1      | Reached XP level 1. HP: 14/14 MP: 1/1
   228 | D:1      | Reached XP level 2. HP: 17/19 MP: 2/2
   669 | D:1      | Reached XP level 3. HP: 23/23 MP: 3/3
  1632 | D:3      | Reached skill level 5 in Short Blades
  1632 | D:3      | Reached XP level 4. HP: 29/29 MP: 4/4
  2363 | D:3      | Reached XP level 5. HP: 32/33 MP: 5/5
  2641 | D:4      | Reached skill level 1 in Evocations
  2815 | D:3      | Killed from afar by an orc wizard

Levels and vault maps discovered:
D:1:      ncdulo_halloftheorcs, layout_rooms, serial_bayou,
          serial_bayou_crossing, serial_bayou_ford_a, serial_bayou_pond_a,
          serial_bayou_lagoon_a, minmay_pentomino_v2
D:2:      layout_loops_ring
D:3:      layout_loops_cross
D:4:      layout_loops_corners, minitemple, lemuel_doored_altar

Skill      XL: |  1  2  3  4  5 |
---------------+----------------+-----
Stealth        | 3 4 |  4.1
Dodging        | 4 |  4.4
Short Blades   | 5 |  5.8
Fighting       | 4 |  4.0
Evocations     | 1 |  1.0

Action                   |  1- 3 |  4- 6 || total
-------------------------+-------+-------++-------
Melee: Short sword       |    85 |    73 ||   158
       Unarmed           |       |    26 ||    26
 Stab: Sleeping          |     6 |    10 ||    16
  Eat: Chunk             |     9 |     5 ||    14
Armor: Robe              |    10 |    10 ||    20
Dodge: Dodged            |    57 |    53 ||   110

Table legend:
 A = Non-vault XP
 B = Vault XP
 C = Vault XP percentage of total XP
 D = Non-vault monster count
 E = Vault monster count
 F = Vault count percentage of total count
                 A         B        C        D         E       F
            +---------+---------+-------+---------+---------+-------
      Total |     222 |       1 |   0.4 |      50 |       1 |   2.0
            +---------+---------+-------+---------+---------+-------
        D:1 |      28 |       1 |   3.4 |      19 |       1 |   5.0
        D:2 |      37 |       0 |   0.0 |       6 |       0 |   0.0
        D:3 |      73 |       0 |   0.0 |      22 |       0 |   0.0
        D:4 |      84 |       0 |   0.0 |       3 |       0 |   0.0
            +---------+---------+-------+---------+---------+-------
